 Dungeon Crawl Stone Soup version 0.31.0-4-g52a2dc7128 (webtiles) character file.

Game seed: 8562526243417183978

291 nightchill the Slasher (level 6, -13/48 HPs)
             Began as a Vampire Gladiator on Jan 22, 2024.
             Mangled by an ogre
             ... wielding a +0 giant club
              (30 damage)
             ... on level 4 of the Dungeon.
             The game lasted 00:04:42 (2509 turns).

nightchill the Slasher (Vampire Gladiator)          Turns: 2509, Time: 00:04:43

Health: -13/48     AC: 10    Str: 15    XL:     6   Next: 10%
Magic:  6/6        EV:  8    Int: 10    God:
Gold:   133        SH:  0    Dex: 16    Spells: 5/5 levels left

rFire   . . .        a - +0 long sword
rCold   . . .        (no shield)
rNeg    . . .        k - +0 chain mail
rPois   .            c - +0 helmet
rElec   .            y - +0 cloak
rCorr   .            (no gloves)
SInv    +            (no boots)
Will    .....        (no amulet) Stlth
                     (no ring)
HPRegen 0.48/turn    (no ring)
MPRegen 0.10/turn

%: no passive effects
@: healing quickly
A: alive, fangs 3, see invisible, vampiric 2
a: Exsanguinate


You were on level 4 of the Dungeon.
You visited 1 branch of the dungeon, and saw 4 of its levels.

You collected 133 gold pieces.

Inventory:

Hand Weapons
 a - a +0 long sword (weapon)
Missiles
 d - 3 throwing nets (quivered)
 e - a javelin
Armour
 b - a +0 leather armour
 c - a +0 helmet (worn)
 h - a +0 ring mail
 k - a +0 chain mail (worn)
 y - a +0 cloak (worn)
Jewellery
 q - a +5 ring of evasion
 v - a ring of protection from fire
Talismans
 n - a dragon-blood talisman
 o - a maw talisman
Scrolls
 g - 4 scrolls of amnesia {unknown}
 l - 2 scrolls of fear {unknown}
 m - 5 scrolls of teleportation {unknown}
 p - 2 scrolls of enchant armour {unknown}
 r - 2 scrolls of identify {unknown}
 u - a scroll of immolation {unknown}
Potions
 f - a potion of degeneration {unknown}
 i - a potion of attraction {unknown}
 j - a potion of magic {unknown}
 s - 2 potions of curing {unknown}
 t - 3 potions of brilliance {unknown}
 w - 2 potions of mutation {unknown}
 x - a potion of heal wounds {unknown}
 z - a potion of lignification {unknown}


   Skills:
 + Level 3.6 Fighting
 * Level 5.8 Long Blades
 - Level 1.5 Throwing
 - Level 3.2 Dodging


You had 5 spell levels left.
You didn't know any spells.
Your spell library was empty.

Dungeon Overview and Level Annotations

Branches:
Dungeon (4/15)
 Temple: D:4-7

Altars:
Nemelex Xobeh

Shops:
D:3 ?*?!=

Annotations:
D:3 1 runed translucent door, Tuss's ghost, amateur HuFi


Innate Abilities, Weirdness & Mutations

Your natural rate of healing is accelerated.
You have razor-sharp teeth.
You have supernaturally acute eyesight. (SInv)
You are afflicted with vampirism and can become a bat while bloodless.


Message History

The orc priest hits you with a +0 flail.
You slash the orc priest!
You kill the orc priest!
You have reached level 6!
Things that are here:
a +0 flail; an orc corpse You now have 133 gold pieces (gained 11).
r - 2 scrolls labelled QISTRO HUSHAE (gained 1) Setting a skill training target for Long Blades at 14.0.
An endoplasm comes into view.
The endoplasm quivers.
The endoplasm hits you.
You completely miss the endoplasm. The endoplasm closely misses you.
You slash the endoplasm!
You kill the endoplasm!
No target in view!
An ogre comes into view. It is wielding a +0 giant club.
The ogre shouts!
An ogre is nearby!
No target in view!
No target in view!
An ogre comes into view. It is wielding a +0 giant club.
The ogre shouts!
Found a golden potion.
The ogre hits you with a +0 giant club!
You slash the ogre!
The ogre is moderately wounded.
The ogre hits you but does no damage.
You hit the ogre. Your bite misses the ogre.
The ogre is heavily wounded.
The ogre hits you but does no damage.
You slash the ogre!
The ogre is almost dead.
The ogre hits you with a +0 giant club!!
Ouch! That really hurt!
* * * LOW HITPOINT WARNING * * *
You hit the ogre but do no damage.
The ogre is almost dead.
The ogre hits you with a +0 giant club!!
Ouch! That really hurt!
You die...

..# #.# ###.# ### ...##
.. . #..# .# .. #..##
##.####...
#...####.........
#.#......#.....#
#.####..@OO....# #.#
#..##......#
#########.## ##.#
!.....#
#..........####.#
.......
#........#.#.....
.....##
#............####......#
#..........### ......#
#........#)# #.....
#........#.#


You could see 2 ogres.

Vanquished Creatures
  A black bear (D:3)
  A hound (D:3)
  2 orc priests (D:4)
  5 adders
  2 dart slugs
  6 ribbon worms
  4 orcs
  4 bats
  7 endoplasms
  3 goblins
  4 hobgoblins
  2 quokkas (D:2)
  3 ball pythons
  2 frilled lizards
  5 kobolds
  4 rats
55 creatures vanquished.

Notes
Turn   | Place    | Note
-------+----------+-------------------------------------------
     0 | D:1      | nightchill the Vampire Gladiator began the quest for the
                  | Orb.
     0 | D:1      | Reached XP level 1. HP: 16/16 MP: 1/1
   394 | D:1      | Reached XP level 2. HP: 21/22 MP: 2/2
  1101 | D:2      | Gained mutation: You are afflicted with vampirism and can
                  | become a bat while bloodless. [Vampire growth]
  1101 | D:2      | Reached XP level 3. HP: 28/28 MP: 3/3
  1142 | D:2      | Reached skill level 4 in Long Blades
  1624 | D:3      | Noticed a black bear
  1633 | D:3      | Killed a black bear
  1634 | D:3      | Reached skill level 5 in Long Blades
  1634 | D:3      | Reached XP level 4. HP: 26/35 MP: 4/4
  1634 | D:3      | Reached XP level 5. HP: 30/41 MP: 5/5
  1664 | D:3      | Found a sparkling altar of Nemelex Xobeh.
  1777 | D:3      | Found Wem Pium's Assorted Antiques.
  1784 | D:3      | Found Kuke's Magic Scroll Emporium.
  1821 | D:3      | Found Cavaesk's Jewellery Shop.
  1951 | D:3      | Found Duohyb Ocem's Distillery.
  1967 | D:3      | Found a runed translucent door.
  1967 | D:3      | Noticed Tuss's ghost (amateur HuFi)
  2240 | D:3      | Found Beprely's Magic Scroll Shop.
  2472 | D:4      | Reached XP level 6. HP: 47/48 MP: 6/6
  2509 | D:4      | Mangled by an ogre

Illustrated notes

Levels and vault maps discovered:
D:1:      scummos_arrival_simple_crosswalls, layout_loops_corners, st_stairs_12,
          minivault_11, nicolae_kite_square_tiling_tiny, minmay_misc_feat_room
D:2:      layout_loops_cross
D:3:      layout_loops_ring, mainiacjoe_overflow_six_doors_small, serial_shops,
          nicolae_shop_hallway_plus, shop_statue, shop, shop,
          nicolae_shop_rolled_up, ebering_ghost_reflecting_pool,
          grunt_ministairs_12, nicolae_titane
D:4:      layout_rooms, mainiacjoe_overflow_boulevard,
          mainiacjoe_overflow_alcove_4, minmay_temple_entry_tees,
          minmay_goblin_kobold_house

Skill      XL: |  1  2  3 |
---------------+----------+-----
Fighting       | 2 3 |  3.6
Long Blades    | 5 |  5.8
Throwing       | |  1.5
Dodging        | |  3.2

Action                     |  1- 3 |  4- 6 || total
---------------------------+-------+-------++-------
  Melee: Long sword        |    86 |    69 ||   155
         Bite              |     9 |     5 ||    14
         Punch             |     1 |       ||     1
 Armour: Ring mail         |    14 |       ||    14
         Leather armour    |     1 |       ||     1
         Chain mail        |    55 |    48 ||   103
  Dodge: Dodged            |    44 |    28 ||    72
